 Dungeon Crawl Stone Soup version 0.18.1-8-gdd0e5ea (webtiles) character file.

3185 l0ser140 the Fighter (level 10, -10/82 HPs)
             Began as a Human Fighter on May 31, 2016.
             Was an Initiate of Okawaru.
             Mangled by an orc warrior
             ... wielding a +1 broad axe of electrocution
              (19 damage)
             ... on level 8 of the Dungeon.
             The game lasted 00:28:29 (10981 turns).

l0ser140 the Fighter (Human Fighter)               Turns: 10981, Time: 00:28:29

Health: -10/82     AC: 17    Str: 20    XL:     10   Next: 16%
Magic:  10/10      EV:  5    Int:  9    God:    Okawaru [......]
Gold:   489        SH: 11    Dex: 12    Spells: 0 memorised, 9 levels left

rFire  . . .     SeeInvis .     E - +1 mace (freeze)
rCold  . . .     Gourm    .     w - +0 plate armour
rNeg   . . .     Faith    .     c - +0 shield
rPois  .         Spirit   .     (no helmet)
rElec  .         Dismiss  .     s - +0 cloak
rCorr  .         Reflect  .     v - +1 pair of gloves
SustAt .         Harm     .     (no boots)
MR     +....                    (no amulet)
Stlth  ..........               (no ring)
                                u - ring of protection from magic

@: somewhat resistant to hostile enchantments, extremely unstealthy
A: no striking features
a: Renounce Religion


You were on level 8 of the Dungeon.
You worshipped Okawaru.
Okawaru was noncommittal.
You were not hungry.

You visited 2 branches of the dungeon, and saw 9 of its levels.
You also visited: Ossuary.

You collected 489 gold pieces.

Inventory:

Hand Weapons
 a - a +0 long sword
 E - a +1 mace of freezing (weapon)
   (You took it off a wight on level 5 of the Dungeon)
 I - a +1 whip of pain
   (You found it on level 8 of the Dungeon)
Armour
 c - a +0 shield (worn)
 s - a +0 cloak (worn)
 v - a +1 pair of gloves (worn)
 w - a +0 plate armour (worn)
Jewellery
 u - a ring of protection from magic (left hand)
   (You found it on level 3 of the Dungeon)
Wands
 y - a wand of slowing (31/48)
 F - a wand of lightning (4/15)
Scrolls
 e - 4 scrolls of immolation {unknown}
 i - a scroll of brand weapon {unknown}
 k - 4 scrolls of remove curse
 l - 4 scrolls of enchant weapon {unknown}
 m - 4 scrolls of recharging
 o - 2 scrolls of enchant armour
 q - 2 scrolls of fear
 A - a scroll of vulnerability {unknown}
 B - 2 scrolls of fog
 G - 3 scrolls of amnesia
Potions
 b - a potion of brilliance
 d - a potion of might
 h - 3 potions of curing
 j - a potion of haste
 n - 2 potions of lignification
 p - 2 potions of agility
 r - 3 potions of heal wounds
 z - a potion of flight {unknown}
 C - a potion of resistance
Comestibles
 f - 5 bread rations
 g - 4 meat rations
 t - a royal jelly
 x - 2 fruits
 D - 2 chunks of flesh


   Skills:
 + Level 8.6 Fighting
 - Level 2.0 Long Blades
 + Level 8.4 Armour
 + Level 8.3 Shields


You had 9 spell levels left.
You didn't know any spells.

Dungeon Overview and Level Annotations

Branches:
Dungeon (8/15)             Temple (1/1) D:7
   Lair: D:8-11

Altars:
Ashenzari
Cheibriados
Dithmenos
Elyvilon
Fedhas
Kikubaaqudgha
Makhleb
Nemelex Xobeh
Okawaru
Pakellas
Qazlal
Ru
Sif Muna
Trog
Vehumet
Xom
Yredelemnul
Zin
The Shining One

Shops:
D:5 *

Annotations:
D:7 kirsanium's ghost, novice DEFE


Message History

You sock the orc warrior! You freeze the orc warrior.
The orc warrior is heavily wounded.
You block the orc warrior's attack. You block the orc wizard's attack.
You barely miss the orc warrior.
The orc warrior is heavily wounded.
You block the orc warrior's attack. The orc wizard hits you with a dagger.
You block the orc wizard's attack.
The orc warrior hits you with a broad axe of electrocution!!
Huge Dmg: -23%(-19hp) hp: 76%(62hp)
Your plate armour prevents you from hitting the orc wizard.
The orc priest calls upon Beogh to heal the orc warrior.
The orc warrior is healed somewhat.
You hear a shout!
Your plate armour prevents you from hitting the orc warrior.
The orc warrior is moderately wounded.
The orc priest mumbles some strange prayers to Beogh against you.
Beogh smites you!
The orc warrior hits you with a broad axe of electrocution.
Huge Dmg: -21%(-17hp) hp: 55%(45hp)
The orc priest calls down the wrath of Beogh upon you.
Beogh smites you!
Huge Dmg: -14%(-12hp) hp: 41%(33hp)
The orc priest mumbles some strange prayers to Beogh against you.
Beogh smites you!
* * * LOW HITPOINT WARNING * * *
Huge Dmg: -12%(-10hp) hp: 29%(23hp)
The orc wizard casts a cantrip, but nothing happens.
The orc wizard casts a cantrip, but nothing happens.
The orc priest mumbles some strange prayers to Beogh against you.
Beogh smites you!
* * * LOW HITPOINT WARNING * * *
Huge Dmg: -16%(-13hp) hp: 14%(11hp) Drink which item? (? for menu, Esc to quit)
You feel better. The orc warrior barely misses you.
The orc priest mumbles some strange prayers to Beogh against you.
Beogh smites you!
* * * LOW HITPOINT WARNING * * *
Huge Dmg: -12%(-10hp) hp: 9%(7hp) Read which item? (? for menu, Esc to quit)
Okay, then.
Unknown command.
Read which item? (? for menu, Esc to quit)
Okay, then.
Drink which item? (? for menu, Esc to quit)
You feel better.
The orc wizard looks braver for a moment.
The orc warrior hits you with a broad axe of electrocution!
* * * LOW HITPOINT WARNING * * *
You are electrocuted!
You die...

#############################
...........oo..o♂...........#
###########################.#
...................# #.#
#################o..... #.#
..... #.# ..o. #.# ... #.# ..
#.# . #.#


You could see an orc warrior, an orc priest and an orc wizard.

Vanquished Creatures
  Prince Ribbit (D:6)
  Edmund (D:4)
  Duvessa (D:6)
  A sky beast (D:6)
  A black bear (D:8)
  A phantom (D:6)
  3 centaurs (D:6 D:8)
  5 ogres (D:5 D:4 D:6 D:8)
  Blork the orc (D:4)
  3 giant frogs (D:5 D:6)
  A gnoll sergeant (D:6)
  4 scorpions (D:5 D:4 D:6)
  Dowan (D:6)
  3 wights (D:5)
  A howler monkey (D:4)
  2 crimson imps (D:5 D:6)
  4 hounds (D:4 D:6 D:8)
  A quasit (D:7)
  2 giant frog zombies (D:5)
  An orc priest (D:3)
  Crazy Yiuf (D:3)
  A centaur skeleton (D:4)
  5 orc wizards (D:5 D:4 D:6 D:8)
  3 iguanas (D:6 D:8)
  5 worker ants (D:4 D:6 D:8)
  2 big kobold zombies (Ossuary)
  A hound zombie (D:5)
  3 mummies (Ossuary)
  4 gnolls (D:1 D:6)
  9 adders (D:2 D:5 D:4 D:3 D:7)
  2 shadow imps (D:6 D:8)
  An ooze (D:1)
  6 adder zombies (D:5 Ossuary D:8)
  An adder skeleton (D:5)
  2 worms (D:5)
  3 dart slugs (D:2 D:3 D:5)
  6 giant geckos (D:2 D:3 D:6)
  23 orcs (D:2 D:3 D:5 D:4 D:6)
  3 ball pythons (D:3 D:5)
  5 bats (D:1 D:2 D:3)
  3 giant cockroaches (D:2 D:3)
  11 hobgoblins (D:1 D:2 D:3 D:6)
  14 jackals (D:3 D:2 D:5 D:4)
  12 kobolds (D:1 D:2 D:3 D:6)
  3 quokkas (D:5 D:6 D:7)
  9 giant newts (D:1 D:2 D:3 D:5 D:4)
  11 goblins (D:1 D:2 D:3 D:6)
  A goblin zombie (Ossuary)
  4 hobgoblin zombies (Ossuary)
  2 kobold zombies (Ossuary)
  2 quokka zombies (Ossuary)
  6 rats (D:1 D:2 D:3)
  4 rat zombies (Ossuary)
206 creatures vanquished.

Vanquished Creatures (others)
  A quokka (D:2)
1 creature vanquished.

Grand Total: 207 creatures vanquished

Notes
Turn   | Place    | Note
--------------------------------------------------------------
     0 | D:1      | l0ser140 the Human Fighter began the quest for the Orb.
     0 | D:1      | Reached XP level 1. HP: 18/18 MP: 1/1
    38 | D:1      | Huge Dmg: 4 Dmg
   381 | D:1      | Reached XP level 2. HP: 24/24 MP: 2/2
   760 | D:2      | Reached XP level 3. HP: 29/29 MP: 3/3
   768 | D:2      | Found a white marble altar of Elyvilon.
  1023 | D:2      | Huge Dmg: 7 Dmg
  1024 | D:2      | Huge Dmg: 13 Dmg
  1024 | D:2      | Found a shadowy altar of Dithmenos.
  1031 | D:2      | Huge Dmg: 2 Dmg
  1519 | D:2      | Found a basalt altar of Yredelemnul.
  1707 | D:2      | Reached XP level 4. HP: 37/37 MP: 4/4
  1738 | D:2      | Reached skill level 4 in Fighting
  1976 | D:3      | Huge Dmg: 9 Dmg
  2267 | D:3      | Huge Dmg: 9 Dmg
  2274 | D:2      | Huge Dmg: 6 Dmg
  2459 | D:3      | Reached XP level 5. HP: 37/42 MP: 5/5
  2494 | D:3      | Noticed Crazy Yiuf
  2499 | D:3      | Huge Dmg: 14 Dmg
  2500 | D:3      | Huge Dmg: 12 Dmg
  2517 | D:3      | Huge Dmg: 7 Dmg
  2518 | D:3      | Huge Dmg: 10 Dmg
  2519 | D:3      | Huge Dmg: 8 Dmg
  2521 | D:3      | Killed Crazy Yiuf
  2526 | D:3      | Huge Dmg: 1 Dmg
  2530 | D:3      | HP: 2/43 [poisoned by Crazy Yiuf]
  2531 | D:3      | Huge Dmg: 1 Dmg
  2534 | D:3      | Huge Dmg: 1 Dmg
  2871 | D:3      | Reached skill level 4 in Armour
  2914 | D:3      | Found an ancient bone altar of Kikubaaqudgha.
  2916 | D:3      | Reached skill level 4 in Shields
  3261 | D:3      | You fall through a shaft!
  3344 | D:4      | Noticed Edmund
  3346 | D:4      | Noticed Blork the orc
  3367 | D:5      | Entered Level 5 of the Dungeon
  3392 | D:5      | Found Vauclugu's Elemental Accessories.
  3480 | D:5      | Reached XP level 6. HP: 49/49 MP: 6/6
  4052 | D:5      | Reached skill level 5 in Fighting
  4082 | D:5      | Huge Dmg: 7 Dmg
  4291 | D:5      | Reached XP level 7. HP: 46/56 MP: 7/7
  4389 | D:5      | Huge Dmg: 14 Dmg
  4396 | D:5      | Reached skill level 5 in Armour
  4396 | D:5      | Reached skill level 5 in Shields
  5287 | D:4      | Huge Dmg: 11 Dmg
  5290 | D:4      | Huge Dmg: 12 Dmg
  5509 | D:4      | Reached XP level 8. HP: 64/64 MP: 8/8
  5759 | D:4      | Killed Blork the orc
  5759 | D:4      | Reached skill level 6 in Fighting
  5962 | D:4      | Reached skill level 6 in Armour
  6483 | D:4      | Killed Edmund
  6483 | D:4      | Reached skill level 6 in Shields
  6578 | D:3      | Found a glowing silver altar of Zin.
  7026 | D:5      | Huge Dmg: 17 Dmg
  7027 | D:5      | Huge Dmg: 5 Dmg
  7418 | D:5      | Huge Dmg: 6 Dmg
  7748 | D:6      | Noticed Dowan
  7749 | D:6      | Noticed Duvessa
  7773 | D:6      | Killed Dowan
  7773 | D:6      | Reached XP level 9. HP: 59/71 MP: 9/9
  7780 | D:6      | Reached skill level 7 in Fighting
  7905 | D:6      | Killed Duvessa
  7990 | D:6      | Noticed Prince Ribbit
  8015 | D:6      | Killed Prince Ribbit
  8015 | D:6      | Reached skill level 7 in Armour
  8015 | D:6      | Reached skill level 7 in Shields
  8529 | D:6      | Huge Dmg: 16 Dmg
  8547 | D:6      | Huge Dmg: 15 Dmg
  8558 | D:6      | Huge Dmg: 8 Dmg
  8569 | D:6      | Huge Dmg: 9 Dmg
  8569 | D:6      | HP: 3/74 [something (6)]
  8570 | D:6      | Huge Dmg: 8 Dmg
  8799 | D:6      | Reached skill level 8 in Fighting
  9304 | D:7      | Found a staircase to the Ecumenical Temple.
  9305 | D:7      | Noticed kirsanium's ghost (novice DEFE)
  9324 | D:7      | Found a sand-covered staircase.
  9335 | Ossuary  | Entered an ossuary
  9563 | Ossuary  | Reached skill level 8 in Armour
  9734 | Temple   | Entered the Ecumenical Temple
 10001 | D:7      | Huge Dmg: 14 Dmg
 10006 | D:7      | Huge Dmg: 24 Dmg
 10516 | D:8      | Reached skill level 8 in Shields
 10516 | D:8      | Reached XP level 10. HP: 80/80 MP: 10/10
 10784 | D:8      | Found an iron altar of Okawaru.
 10790 | D:8      | Found a shimmering altar of Xom.
 10825 | D:8      | Became a worshipper of Warmaster Okawaru
 10951 | D:8      | Huge Dmg: 19 Dmg
 10954 | D:8      | Huge Dmg: 17 Dmg
 10955 | D:8      | Huge Dmg: 12 Dmg
 10957 | D:8      | Huge Dmg: 10 Dmg
 10962 | D:8      | Huge Dmg: 13 Dmg
 10967 | D:8      | Huge Dmg: 10 Dmg
 10981 | D:8      | Mangled by an orc warrior

Skill      XL: |  1  2  3  4  5  6  7  8  9 |
---------------+----------------------------+-----
Fighting       | 4 5 6 8 |  8.6
Armour         | 4 5 6 8 |  8.4
Shields        | 4 5 6 8 |  8.3
Long Blades    | |  2.0

Action                   |  1- 3 |  4- 6 |  7- 9 | 10-12 || total
-------------------------+-------+-------+-------+-------++-------
Melee: Long sword        |   105 |   276 |   319 |       ||   700
       Mace              |       |       |   395 |    79 ||   474
       Whip              |       |       |    40 |       ||    40
  Use: Scroll            |       |     7 |     8 |     1 ||    16
       Potion            |       |     2 |     3 |     2 ||     7
 Stab: Invisible         |       |     1 |     2 |       ||     3
  Eat: Chunk             |     3 |     8 |    17 |     2 ||    30
       Pizza             |       |       |     2 |       ||     2
       Fruit             |       |       |     3 |       ||     3
Armor: Scale mail        |    50 |    26 |       |       ||    76
       Plate armour      |       |   120 |   543 |    73 ||   736
Dodge: Dodged            |    41 |    54 |   142 |    24 ||   261
Block: Shield            |    61 |   119 |   510 |    61 ||   751

Vault maps used:
D:1:      minmay_arrival_plants_in_alcoves
D:2:      amethyst_overflow_temple_binary, elyvilon_altar_4, minmay_lizard_king
D:3:      marbit_many_paths, kiku_gazebo_pond_becter, uniq_crazy_yiuf_cottage
D:4:      uniq_edmund, uniq_blork_the_orc
D:5:      first_bread, nicolae_elemental_shop
D:6:      corexii_shack_village, uniq_duvessa, uniq_prince_ribbit1
D:7:      minmay_temple_entry_junction2, nicolae_ossuary_entry_ruins
D:8:      grunt_temple_overflow_open
Temple:   dpeg_five_rooms_temple_12
Ossuary:  ossuary_minmay_chase
